 Dungeon Crawl Stone Soup version 0.30-b1-2-g02819fbbbe (webtiles) character file.

Game seed: 4915036385974016262

34 Alarkh the Shooter (level 3, 0/27 HPs)
             Began as a Demonspawn Hunter on May 23, 2023.
             Killed from afar by an orc wizard (5 damage)
             ... with a magic dart
             ... on level 2 of the Dungeon.
             The game lasted 00:01:39 (936 turns).

Alarkh the Shooter (Demonspawn Hunter)               Turns: 936, Time: 00:01:40

Health: 0/27       AC:  3    Str: 11    XL:     3   Next: 14%
Magic:  3/3        EV: 16    Int: 12    God:
Gold:   72         SH:  0    Dex: 16    Spells: 2/2 levels left

rFire   . . .        (no weapon)
rCold   . . .        (no shield)
rNeg    . . .        c - +0 leather armour
rPois   +            (no helmet)
rElec   .            (no cloak)
rCorr   .            (no gloves)
SInv    .            (no boots)
Will    .....        (no amulet)
Stlth   +            d - ring of poison resistance
HPRegen 0.24/turn    (no ring)
MPRegen 0.08/turn

%: no passive effects
@: mighty, agile
A: powered by pain 1
a: no special abilities


You were on level 2 of the Dungeon.
You visited 1 branch of the dungeon, and saw 2 of its levels.

You collected 72 gold pieces.

Inventory:

Hand Weapons
 a - a +0 shortbow
Armour
 c - a +0 leather armour (worn)
Jewellery
 d - a ring of poison resistance (left hand)
Scrolls
 b - 2 scrolls of immolation
 f - a scroll of fear {unknown}
 g - 3 scrolls of magic mapping {unknown}
 h - a scroll of teleportation {unknown}
 i - 2 scrolls of poison {unknown}
 l - a scroll of amnesia {unknown}
 m - a scroll of identify {unknown}
Potions
 k - a potion of haste {unknown}
 n - a potion of brilliance {unknown}


   Skills:
 - Level 2.0 Fighting
 + Level 4.6 Ranged Weapons
 - Level 1.7 Dodging
 - Level 0.8 Stealth


You had 2 spell levels left.
You didn't know any spells.
Your spell library contained the following spells:

 Spells                   Type           Power      Damage    Failure   Level
 Apportation              Tloc           0%         N/A       41%         1
 Necrotise                Necr           0%         1d4       41%         1
 Summon Small Mammal      Summ           0%         N/A       41%         1


Dungeon Overview and Level Annotations

Branches:
Dungeon (2/15)

Altars:


Innate Abilities, Weirdness & Mutations

You sometimes gain a little power by taking damage.


Message History

Okay, then.
Fire: a) +0 shortbow
Press: ? - help, Shift-Dir - straight line You shoot an arrow.
You are confused.
It was a potion of heal wounds.
You feel much better.
You bump into the rock wall.
You hear some strange, mumbled words.
You are more confused.
You bump into the rock wall.
You bump into the rock wall.
A magic dart appears from out of thin air!
The magic dart hits you!
You don't have any such object.
Fire/throw/use which item? ([*] to toss any item) (? for menu, Esc to quit)
Huh?
Fire/throw/use which item? ([*] to toss any item) (? for menu, Esc to quit)
Okay, then.
You are too confused!
You shoot an arrow.
You hear some strange, mumbled words.
A puff of flame appears from out of thin air!
The puff of flame hits you!
You focus on the pain.
You feel agile all of a sudden.
You are too injured to fight recklessly!
It was a potion of might.
You feel very mighty all of a sudden.
You hear some strange, mumbled words.
A magic dart appears from out of thin air!
The magic dart hits you!
* * * LOW HITPOINT WARNING * * *
You are now empty-handed.
There is a strange disturbance nearby!
You're too confused to move!
Something closely misses you.
You bump into the rock wall.
You feel less confused.
You hear some strange, mumbled words.
A magic dart appears from out of thin air!
The magic dart hits you.
You die...

.## #..#.### #.....<...# ..##
#.##.# #.........##
#<.###.##.# #########..###
.#.....##.# ##...# .###.####.#
###.# .###.# #.# #.### ...#.#
#.# #########...#
##).#####.########......†....#
##.###........{@..###########
###......###########
....)#.(.# ##.....### #.....#
#.....# #.....# ######. .#


There were no monsters in sight!

Vanquished Creatures
  2 orcs (D:2)
  3 bats
  An endoplasm (D:1)
  4 giant cockroaches
  2 goblins
  4 hobgoblins
  5 quokkas
  3 ball pythons (D:1)
  2 frilled lizards (D:1)
  A kobold (D:1)
  A rat (D:1)
28 creatures vanquished.

Notes
Turn   | Place    | Note
-------+----------+-------------------------------------------
     0 | D:1      | Alarkh the Demonspawn Hunter began the quest for the Orb.
     0 | D:1      | Reached XP level 1. HP: 16/16 MP: 1/1
   106 | D:1      | Reached skill level 4 in Ranged Weapons
   177 | D:1      | Gained mutation: You sometimes gain a little power by
                  | taking damage. [demonic ancestry]
   177 | D:1      | Reached XP level 2. HP: 22/22 MP: 2/2
   296 | D:1      | Found a faded altar of an unknown god.
   799 | D:2      | Reached XP level 3. HP: 18/27 MP: 3/3
   936 | D:2      | Killed from afar by an orc wizard

Illustrated notes

Levels and vault maps discovered:
D:1:      minmay_arrival_stone_box, layout_basic,
          shapermc_ecumenical_altar_mp_highgroup
D:2:      layout_rooms, minmay_liquid_box, uniq_terence

Skill      XL: |  1 |
---------------+----+-----
Ranged Weapons | 4 |  4.6
Fighting       | |  2.0
Dodging        | |  1.7
Stealth        | |  0.8

Action                     || total
---------------------------++-------
   Fire: Shortbow          ||    93
    Use: Potion            ||     2
 Armour: Leather armour    ||    15
  Dodge: Dodged            ||    30
